 Dungeon Crawl Stone Soup version 0.29-a0-598-gd8304a5bf4 (webtiles) character file.

Game seed: 5502648945368054413

813 HoaS the Ruffian (level 7, -2/70 HPs)
             Began as a Troll Gladiator on June 15, 2022.
             Slain by Duvessa
             ... wielding a +0 short sword
              (15 damage)
             ... on level 5 of the Dungeon.
             The game lasted 00:09:15 (3165 turns).

HoaS the Ruffian (Troll Gladiator)                  Turns: 3165, Time: 00:09:16

Health: -2/70      AC:  6    Str: 23    XL:     7   Next: 61%
Magic:  6/6        EV: 11    Int:  4    God:
Gold:   266        SH:  0    Dex: 13    Spells: 6/6 levels left

rFire   . . .      SeeInvis .     - Unarmed
rCold   . . .      Faith    .   (no shield)
rNeg    . . .      Spirit   .   a - +0 robe
rPois   .          Reflect  .   b - +2 hat
rElec   .          Harm     .   (no cloak)
rCorr   .          Rampage  .   (gloves unavailable)
Will    .....                   (boots unavailable)
Stlth   +.........              (no amulet)
HPRegen 1.01/turn               (no ring)
MPRegen 0.10/turn               (no ring)

@: no status effects
A: large, unfitting armour, claws 3, regeneration 1, shaggy fur 1, tough skin 1
a: no special abilities


You were on level 5 of the Dungeon.
You visited 1 branch of the dungeon, and saw 5 of its levels.
You also visited: Ossuary.

You collected 266 gold pieces.

Inventory:

Missiles
 d - a large rock (quivered)
Armour
 a - a +0 robe (worn)
 b - a +2 hat (worn)
Scrolls
 e - a scroll of enchant armour
 l - 3 scrolls of fog
 r - a scroll of magic mapping
 v - 2 scrolls of teleportation
Potions
 f - a potion of heal wounds
 g - 3 potions of lignification
 h - a potion of brilliance {unknown}
 j - a potion of might {unknown}
 k - 2 potions of haste {unknown}
 m - 2 potions of cancellation {unknown}
 n - 4 potions of curing
 o - 3 potions of flight
 p - a potion of attraction {unknown}
 q - a potion of mutation {unknown}
 u - 3 potions of resistance


   Skills:
 * Level 4.1 Fighting
 + Level 3.0 Throwing
 * Level 4.1 Dodging
 * Level 6.1 Unarmed Combat


You had 6 spell levels left.
You didn't know any spells.
Your spell library contained the following spells:

 Spells                   Type           Power      Damage    Failure   Level
 Shock                    Conj/Air       0%         1d3       50%         1
 Swiftness                Air            0%         N/A       86%         3
 Airstrike                Air            0%         N/A       99%         4


Dungeon Overview and Level Annotations

Branches:
Dungeon (5/15)             Temple (0/1) D:5         Ossuary (visited)

Altars:

Annotations:
D:3 2 runed translucent doors, Zgarb's ghost, amateur GrEE
D:5 Duvessa


Innate Abilities, Weirdness & Mutations

You are too large for most types of armour.
You have claws for hands.
Your natural rate of healing is unusually fast.
You are covered in fur. (AC +1)
You have tough skin. (AC +1)


Message History

Dowan hits you with a +0 dagger.
You claw Dowan!
You kill Dowan!
Duvessa screams in rage.
Duvessa goes berserk!
Duvessa hits you with a +0 short sword!
You claw Duvessa!
Duvessa is moderately wounded.
Duvessa hits you with a +0 short sword!
You scratch Duvessa.
Duvessa is moderately wounded.
Duvessa hits you with a +0 short sword.
You barely miss Duvessa.
Duvessa is moderately wounded.
Duvessa hits you with a +0 short sword. x2
You barely miss Duvessa.
Duvessa is moderately wounded.
Duvessa completely misses you.
Unknown command.
Throw: throwing net
Press: ? - help, Shift-Dir - straight line, f/p - Duvessa
Aim: Duvessa, wielding a +0 short sword and wearing a +0 leather armour (moderately wounded, berserk, 64% to hit)
You throw a throwing net. The throwing net hits Duvessa.
Duvessa is caught in the net!
Duvessa is moderately wounded.
Duvessa struggles against the net.
You scratch Duvessa but do no damage.
Duvessa is moderately wounded.
Duvessa struggles against the net. x2
The net rips apart, and Duvessa comes free!
You claw Duvessa!
Duvessa is heavily wounded.
Duvessa hits you with a +0 short sword!
You barely miss Duvessa.
Duvessa is heavily wounded.
Duvessa hits you with a +0 short sword!
* * * LOW HITPOINT WARNING * * *
You scratch Duvessa.
Duvessa is heavily wounded.
Duvessa hits you with a +0 short sword!
You die...

*** *,******* *,,,,,,,*
#########*,*****,* #.......#*,*
*,* ************* #@#****,**,*
*,* ,,,,**,,,,,,* ##e#####,*,,*
*,* ,,,,**,****,* #......#,,,,*
*,* ,,,,,,,,,**,*
#......#**,,*****,*
,,,,,,,,,**,**#..........,,,,,,,,
,,,,,,,,,*,,,........##..,,,,,,,,
,*,,,,,,,,,..##..........,,,,,,,,
,,,,,,,,,#..,*###.#.....,,,,,,,,,
**,,,,,,,#.,,** #.#......,,,,,,,*


You could see Duvessa (berserk).

Vanquished Creatures
  An ogre (D:4)
  2 black bears (D:4)
  A scorpion (D:4)
  Dowan (D:5)
  2 jellies (D:4)
  Terence (D:1)
  12 mummies (Ossuary)
  9 adders
  2 worms
  13 orcs
  6 ball pythons
  8 endoplasms
  5 giant cockroaches
  8 goblins
  11 hobgoblins
  7 kobolds
  8 bats
  5 frilled lizards
  A gnoll skeleton (Ossuary)
  3 goblin skeletons (Ossuary)
  A kobold skeleton (Ossuary)
  3 orc skeletons (Ossuary)
  8 rats
  11 rat skeletons (Ossuary)
129 creatures vanquished.

Vanquished Creatures (others)
  5 toadstools (D:5)
5 creatures vanquished.

Grand Total: 134 creatures vanquished

Notes
Turn   | Place    | Note
-------+----------+-------------------------------------------
     0 | D:1      | HoaS the Troll Gladiator began the quest for the Orb.
     0 | D:1      | Reached XP level 1. HP: 19/19 MP: 0/0
   162 | D:1      | Reached XP level 2. HP: 27/27 MP: 1/1
   297 | D:1      | Reached skill level 4 in Unarmed Combat
   440 | D:1      | Found a faded altar of an unknown god.
   515 | D:1      | Reached XP level 3. HP: 33/33 MP: 2/2
   686 | D:2      | Noticed Terence
   692 | D:1      | Killed Terence
   726 | D:2      | Reached XP level 4. HP: 41/41 MP: 3/3
   934 | D:2      | Reached skill level 5 in Unarmed Combat
  1262 | D:3      | Found a large runed translucent door.
  1262 | D:3      | Found a large runed translucent door.
  1266 | D:3      | Noticed Zgarb's ghost (amateur GrEE)
  1539 | D:3      | Reached XP level 5. HP: 48/48 MP: 4/4
  1768 | D:4      | Reached skill level 6 in Unarmed Combat
  1957 | D:4      | Noticed a black bear
  1982 | D:4      | Killed a black bear
  1983 | D:4      | Reached XP level 6. HP: 57/57 MP: 5/5
  2396 | D:4      | Reached XP level 7. HP: 42/66 MP: 6/6
  2603 | D:5      | Entered Level 5 of the Dungeon
  2603 | D:5      | Found a staircase to the Ecumenical Temple.
  2664 | D:5      | Found a sand-covered staircase.
  2673 | Ossuary  | Entered an ossuary
  3069 | D:5      | Noticed Dowan
  3070 | D:5      | Noticed Duvessa
  3156 | D:5      | Killed Dowan
  3165 | D:5      | Slain by Duvessa

Illustrated notes

Levels and vault maps discovered:
D:1:      amcnicky_arrival_flooded_fountain, layout_loops_cross,
          shapermc_ecumenical_altar_starsandcircs
D:2:      layout_rooms, minmay_heptomino_d4, uniq_terence
D:3:      layout_basic, ebering_ghost_disaster_area
D:4:      layout_cave_pods, minmay_statues_item
D:5:      layout_basic, mainiacjoe_overflow_tiny_flanked,
          minmay_temple_entry_sparse_star, chequers_ossuary_entry_cave,
          minmay_gold_behind_fungi, amethyst_killhole, uniq_crazy_yiuf_cottage,
          uniq_duvessa

Skill      XL: |  1  2  3  4  5  6  7 |
---------------+----------------------+-----
Unarmed Combat | 4 5 6 |  6.1
Throwing       | 2 3 |  3.0
Fighting       | 2 4 |  4.1
Dodging        | 3 4 |  4.1

Action                   |  1- 3 |  4- 6 |  7- 9 || total
-------------------------+-------+-------+-------++-------
Melee: Unarmed           |    72 |   127 |   108 ||   307
       Punch             |     1 |     7 |     2 ||    10
Throw: Throwing net      |       |     4 |     1 ||     5
  Use: Scroll            |     4 |     8 |     6 ||    18
 Stab: Sleeping          |     1 |     2 |     2 ||     5
       Held in net/web   |       |     1 |       ||     1
Armor: Robe              |    31 |    32 |     7 ||    70
Dodge: Dodged            |    39 |    51 |    30 ||   120

Table legend: (Time is in decaauts)
 A = Elapsed time spent in this place.
 B = Non-inter-level travel time spent in this place.
 C = Inter-level travel time spent in this place.
 D = Time resting spent in this place.
 E = Time spent auto-exploring this place.
 F = Levels seen in this place.
 G = Mean time per level.
                   A        B        C        D        E       F      G
               +--------+--------+--------+--------+--------+-----+--------+
         Total |   3131 |   2939 |    192 |    113 |   2030 |   6 |  521.8 |
       Dungeon |   2793 |   2601 |    192 |     63 |   1881 |   5 |  558.6 |
       Ossuary |    338 |    338 |      0 |     50 |    149 |   1 |  338.0 |
               +--------+--------+--------+--------+--------+-----+--------+

Top non-repeatable levels by time:
     D:4: 865 daAuts
     D:1: 673 daAuts
     D:3: 560 daAuts
     D:2: 518 daAuts
 Ossuary: 338 daAuts
     D:5: 175 daAuts
